 Dungeon Crawl Stone Soup version 0.31-a0-925-g0a390f2509 (webtiles) character file.

Game seed: 16318902254288317884

63 pokeman the Magician (level 3, -3/20 HPs)
             Began as a Deep Elf Hedge Wizard on Oct 18, 2023.
             Slain by Crazy Yiuf
             ... wielding a +2 quarterstaff of chaos
              (18 damage)
             ... on level 2 of the Dungeon.
             The game lasted 00:02:44 (1907 turns).

pokeman the Magician (Deep Elf Hedge Wizard)        Turns: 1907, Time: 00:02:46

Health: -3/20      AC:  6    Str:  7    XL:     3   Next: 89%
Magic:  6/11       EV: 12    Int: 26    God:
Gold:   56         SH:  0    Dex: 14    Spells: 4/12 levels left

rFire   . . .        n - +9 dagger "Vykluopn" {chaos, Int+6 SInv}
rCold   . . .        (no shield)
rNeg    . . .        b - +3 leather armour
rPois   .            c - +0 hat
rElec   .            (no cloak)
rCorr   .            (no gloves)
SInv    +            (no boots)
Will    .....        (no amulet)
Stlth   ++           (no ring)
HPRegen 0.23/turn    (no ring)
MPRegen 0.12/turn

%: no passive effects
@: no status effects
A: no striking features
a: no special abilities


You were on level 2 of the Dungeon.
You visited 1 branch of the dungeon, and saw 2 of its levels.

You collected 56 gold pieces.

Inventory:

Hand Weapons
 n - the +9 dagger "Vykluopn" (weapon) {chaos, Int+6 SInv}
   (You found it on level 2 of the Dungeon)

   Int+6:     It affects your intelligence (+6).
   SInv:      It lets you see invisible.
Armour
 b - a +3 leather armour (worn)
 c - a +0 hat (worn)
 i - a +0 robe of cold resistance
Magical Staves
 o - a staff of cold
Wands
 p - a wand of mindburst (1)
Scrolls
 f - a scroll of teleportation {unknown}
 h - a scroll of vulnerability {unknown}
 m - 3 scrolls of identify {unknown}
Potions
 a - 2 potions of heal wounds {unknown}
 d - a potion of magic
 e - a potion of cancellation {unknown}
 g - a potion of ambrosia {unknown}
 j - a potion of curing {unknown}
 k - a potion of enlightenment {unknown}
 l - a potion of degeneration {unknown}


   Skills:
 - Level 1.0 Fighting
 - Level 1.0 Armour
 + Level 2.5 Dodging
 + Level 2.5 Stealth
 * Level 5.4 Spellcasting
 + Level 2.0 Conjurations
 - Level 1.1 Summonings
 - Level 1.1 Translocations


You had 4 spell levels left.
You knew the following spells:

 Your Spells              Type           Power      Damage    Failure   Level
a - Magic Dart            Conj           68%        1d6       4%          1
b - Mephitic Cloud        Conj/Pois/Air  10%        N/A       24%         3
c - Call Imp              Summ           24%        N/A       11%         2
d - Blink                 Tloc           24%        N/A       11%         2

Your spell library contained the following spells:

 Spells                   Type           Power      Damage    Failure   Level
 Apportation              Tloc           24%        N/A       7%          1
 Summon Small Mammal      Summ           48%        N/A       7%          1
 Necrotise                Necr           28%        1d5       11%         1
 Slow                     Hex            28%        N/A       11%         1
 Cigotuvi's Dreadful Rot  Necr/Pois/Air  14%        N/A       16%         2
 Dazzling Flash           Conj/Hex       24%        N/A       22%         3
 Volatile Blastmotes      Fire/Tloc      18%        2d11      26%         3
 Starburst                Conj/Fire      6%         6d4       100%        6
 Maxwell's Capacitive Co  Air            3%         ∞         100%        8


Dungeon Overview and Level Annotations

Branches:
Dungeon (2/15)

Altars:

Annotations:
D:2 Crazy Yiuf


Message History

You swap places.
Crazy Yiuf hits your cerulean imp with a +2 quarterstaff of chaos.
Your cerulean imp convulses.
Your cerulean imp hits Crazy Yiuf with a -3 spear.
You see here a +0 hammer.
Crazy Yiuf hits your cerulean imp with a +2 quarterstaff of chaos.
Your cerulean imp barely misses Crazy Yiuf.
You see here a +0 hammer.
Crazy Yiuf hits your cerulean imp with a +2 quarterstaff of chaos!
Crazy Yiuf freezes your cerulean imp.
Your cerulean imp dies!
Your cerulean imp disappears in a puff of smoke!
You see here a +0 hammer.
Casting: Call Imp (safe; 11% risk of failure)
Confirm with . or Enter, or press ? or * to list all spells.
Aiming: Mephitic Cloud (extremely dangerous; 24% risk of failure)
Press: ? - help, Shift-Dir - straight line, f - Crazy Yiuf
Aim: Crazy Yiuf, wielding a +2 quarterstaff of chaos and wearing a +2 cloak (lightly wounded, chance to affect: 86%)
The ball explodes into a vile cloud!
The stinking cloud engulfs Crazy Yiuf but does no damage.
Crazy Yiuf is lightly wounded.
Crazy Yiuf is engulfed in noxious fumes.
Unknown command.
Unknown command.
Casting: Mephitic Cloud (extremely dangerous; 24% risk of failure)
Confirm with . or Enter, or press ? or * to list all spells.
Aiming: Magic Dart (safe; 4% risk of failure)
Press: ? - help, Shift-Dir - straight line, f/p - Crazy Yiuf
Aim: Crazy Yiuf, wielding a +2 quarterstaff of chaos and wearing a +2 cloak (noxious fumes, lightly wounded, 100% to hit)
The magic dart hits Crazy Yiuf but does no damage.
Crazy Yiuf is lightly wounded.
Crazy Yiuf is engulfed in noxious fumes.
Crazy Yiuf appears confused.
You barely miss Crazy Yiuf.
Crazy Yiuf is lightly wounded.
Crazy Yiuf scratches his head thoughtfully.
Crazy Yiuf hits you with a +2 quarterstaff of chaos.
You are electrocuted!!
Ouch! That really hurt!
You die...

##### #).)#
#)))# ))) #°#
♣☼♣♣ ♣♣°♣ ♣g♣♣
♣♣@♣ #######
♣♣)♣♣ #.....#
♣♣..)♣ #####.#
##########
♣....♣ #...#.#
.........#
#....# #..>..#
#........#
#....####...##
#........#
#.......#...#
#........#
##....####..#
#........#
#.....# #..#


You could see Crazy Yiuf (confused).

Vanquished Creatures
  3 adders (D:2)
  2 worms (D:2)
  A ball python (D:1)
  4 bats
  4 endoplasms
  A giant cockroach (D:1)
  2 goblins (D:2)
  5 quokkas
  3 kobolds (D:2)
  4 rats
29 creatures vanquished.

Notes
Turn   | Place    | Note
-------+----------+-------------------------------------------
     0 | D:1      | pokeman the Deep Elf Hedge Wizard began the quest for the
                  | Orb.
     0 | D:1      | Reached XP level 1. HP: 10/10 MP: 7/7
   151 | D:1      | Found a faded altar of an unknown god.
   370 | D:1      | Reached XP level 2. HP: 15/15 MP: 2/9
  1032 | D:2      | Found a runed translucent door.
  1033 | D:2      | Noticed Crazy Yiuf
  1318 | D:2      | Identified the +9 dagger "Vykluopn" {chaos, Int+6 SInv}
  1371 | D:2      | Reached skill level 5 in Spellcasting
  1371 | D:2      | Reached XP level 3. HP: 20/20 MP: 4/11
  1531 | D:2      | Reached skill level 1 in Armour
  1674 | D:2      | Reached skill level 1 in Fighting
  1893 | D:2      | Learned a level 3 spell: Mephitic Cloud
  1896 | D:2      | Learned a level 2 spell: Call Imp
  1899 | D:2      | Learned a level 2 spell: Blink
  1907 | D:2      | Slain by Crazy Yiuf

Illustrated notes

Levels and vault maps discovered:
D:1:      minmay_arrival_arboretum_small, layout_basic,
          shapermc_ecumenical_altar_mp_highgroup
D:2:      layout_basic, minmay_split_cup_large, uniq_crazy_yiuf_cottage

Skill      XL: |  1  2  3 |
---------------+----------+-----
Spellcasting   | 5 |  5.4
Armour         | 1 |  1.0
Fighting       | 1 |  1.0
Conjurations   | 2 |  2.0
Dodging        | |  2.5
Stealth        | |  2.5
Summonings     | |  1.1
Translocations | |  1.1

Action                     || total
---------------------------++-------
  Melee: Dagger            ||     4
   Cast: Magic Dart        ||    93
         Mephitic Cloud    ||     1
         Call Imp          ||     1
 Armour: Leather armour    ||     5
         Robe              ||     2
  Dodge: Dodged            ||     6

Table legend: (Time is in decaauts)
 A = Elapsed time spent in this place.
 B = Non-inter-level travel time spent in this place.
 C = Inter-level travel time spent in this place.
 D = Time resting spent in this place.
 E = Time spent auto-exploring this place.
 F = Levels seen in this place.
 G = Mean time per level.
                   A        B        C        D        E       F      G
               +--------+--------+--------+--------+--------+-----+--------+
         Total |   1906 |   1885 |     21 |    144 |   1508 |   2 |  953.0 |
       Dungeon |   1906 |   1885 |     21 |    144 |   1508 |   2 |  953.0 |
               +--------+--------+--------+--------+--------+-----+--------+

Top non-repeatable levels by time:
     D:2: 1000 daAuts
     D:1: 906 daAuts
